Map: Babylon LE

Players

Metamyth

  • Race: Zerg Zerg
  • League: Diamond
  • Spawn Location: 11:00

COOLIO - Winner!

  • Race: Terran Terran
  • League: Master
  • Spawn Location: 5:00

VOD

Have the link to the VOD?

Description

Time

  • Played on: Feb. 15, 2023, 9:56 p.m.
  • Length: 7:37
Show
View Real Time Build Order
Export as new Build Order

Metamyth Zerg 

Build Orders: Hatch First 

Get SALT Encoding   

  12  0:00  Drone  
  13  0:12  Overlord  
  13  0:17  Drone  
  14  0:31  Drone x2  
  16  0:48  Hatchery  
  15  0:52  Drone  
  15  0:56  Drone  
  17  1:00  Drone  
  18  1:10  Extractor  
  17  1:15  Spawning Pool  
  17  1:18  Drone  
  17  1:21  Drone  
  18  1:28  Drone  
  19  1:39  Drone  
  20  1:49  Overlord  
  20  2:02  Zergling x2, Queen x2  
  20  2:03  Zergling x2  
  26  2:19  Hatchery  
  25  2:24  Metabolic Boost  
  25  2:28  Drone  
  26  2:30  Drone  
  26  2:33  Drone  
  26  2:36  Drone  
  29  2:49  Drone, Queen  
  29  2:50  Drone  
  33  2:54  Overlord  
  33  2:59  Drone x2  
  33  3:02  Drone  
  36  3:11  Queen  
  38  3:17  Drone x2  
  38  3:19  Overlord  
  40  3:23  Overlord  
  40  3:25  Queen  
  42  3:29  Drone  
  42  3:33  Drone x3  
  46  3:39  Queen  
  48  3:46  Zergling x6  
  51  3:49  Drone x2  
  53  3:59  Drone x4  
  53  4:00  Drone x2  
  59  4:05  Overlord  
  59  4:07  Drone x2  
  61  4:15  Extractor, Baneling Nest  
  59  4:17  Overlord  
  59  4:18  Overlord  
  56  4:34  Drone x6  
  56  4:35  Overlord, Drone x4  
  62  4:49  Zergling x8  
  58  5:02  Zergling x4  
  58  5:03  Zergling x6, Queen  
  66  5:08  Baneling x2  
  66  5:13  Zergling x4  
  67  5:17  Lair  
  67  5:20  Zergling x4  
  67  5:21  Spore Crawler  
  64  5:29  Zergling x6  
  64  5:30  Zergling x6  
  68  5:37  Extractor  
  68  5:39  Extractor, Overlord  
  68  5:40  Zergling x4  
  59  5:55  Zergling x2  
  59  5:56  Zergling x2  
  52  6:00  Queen  
  52  6:03  Baneling x2  
  52  6:04  Baneling x2, Zergling x6  
  54  6:10  Hatchery  
  56  6:14  Zergling x4  
  58  6:24  Zergling x4  
  60  6:34  Queen  
  60  6:36  Queen  
  62  6:41  Zergling x6  
  62  6:42  Zergling x2  
  58  6:55  Zergling x4  
  58  6:58  Hatchery  
Show
View Real Time Build Order
Export as new Build Order

COOLIO Terran - Winner!

Build Orders:  

Get SALT Encoding   

  12  0:00  SCV  
  13  0:12  SCV  
  14  0:17  Supply Depot  
  14  0:25  SCV  
  15  0:29  Refinery  
  15  0:39  SCV  
  16  0:45  Barracks  
  16  0:51  SCV  
  17  1:03  SCV  
  18  1:15  SCV  
  19  1:27  SCV  
  21  1:32  Reaper  
  21  1:43  Orbital Command  
  21  1:51  Command Center  
  21  2:01  Factory  
  21  2:07  Barracks Reactor  
  21  2:11  Supply Depot  
  21  2:17  Refinery  
  21  2:21  SCV  
  22  2:37  SCV  
  23  2:49  Ghost Academy  
  23  2:53  SCV  
  28  2:58  Widow Mine x2  
  28  3:02  Barracks Tech Lab  
  28  3:06  Orbital Command  
  28  3:08  SCV  
  33  3:20  Hellion x2  
  35  3:33  SCV  
  36  3:36  SCV  
  36  3:40  Supply Depot  
  39  3:41  Widow Mine  
  39  3:46  SCV  
  40  3:53  Armory  
  40  3:54  SCV  
  40  3:55  Unknown  
  41  3:58  SCV  
  44  4:14  Hellion x2  
  48  4:28  Unknown  
  48  4:35  Hellion x2  
  54  5:01  Unknown  
  54  5:14  Command Center  
  54  5:16  Hellion x2  
  54  5:19  SCV  
  60  5:35  SCV x2  
  61  5:44  Unknown  
  61  5:46  Hellion  
  59  5:50  Hellion  
  55  6:02  SCV x2  
  57  6:07  Hellion  
  61  6:11  Hellion  
  61  6:14  SCV  
  61  6:17  Unknown  
  62  6:24  Supply Depot  
  62  6:26  SCV x2  
  62  6:28  Factory, Hellion  
  62  6:29  Factory  
  62  6:32  Barracks, Hellion  
  66  6:44  Supply Depot  
  64  6:54  Unknown  
  64  7:12  Refinery, SCV x2  
  64  7:13  Refinery  
  66  7:24  SCV x2  
Tags
 
Matchup
TvZ
Spawn Locations
Cross Positions
Add a new tag
Caveats
  • Supply blocks, unpowered buildings, or Contaminate may cause inaccurate times.
  • Supply counts are checked every 10 seconds.